 Dungeon Sprint DCSS version 0.30-a0-360-g447f08457e (webtiles) character file.

Game seed: 15431679469899191092

10738 mhtbhm the Imperceptible (level 11, -2/100 HPs)
             Began as an Armataur Brigand on Nov 13, 2022.
             Was the Champion of Dithmenos.
             Shot with a bolt by an orc knight (15 damage)
             ... in the Dungeon (Sprint IX: "|||||||||||||||||||||||||||||").
             The game lasted 00:05:05 (1901 turns).

mhtbhm the Imperceptible (Armataur Brigand)         Turns: 1901, Time: 00:05:05

Health: -2/100     AC:  9    Str: 19    XL:     11   Next: 40%
Magic:  20/20      EV: 13    Int: 11    God:    Dithmenos [******]
Gold:   1332       SH:  0    Dex: 20    Spells: 10/10 levels left

rFire   + . .      SeeInvis .    a - +2 rapier "mhtbhm's Bane" {venom, rElec}
rCold   . . .      Faith    .    (no shield)
rNeg    . . .      Spirit   .    b - +1 leather armour {rF+}
rPois   .          Reflect  .    n - +0 helmet
rElec   +          Harm     .    t - +0 cloak
rCorr   .          Roll     +    q - +0 pair of gloves
Will    .....      NoTele   +    (no barding) Stlth ******++++
                                 (no amulet)
HPRegen 0.36/turn                o - +3 ring of dexterity
MPRegen 0.17/turn                p - +3 ring of strength

@: mighty, wreathed by umbra
A: large, rugged brown scales 3, deformed body, armoured tail, roll, long
tongue, awkward tongue
a: Renounce Religion, Shadow Step, Shadow Form


You were in the Dungeon.
You worshipped Dithmenos.
Dithmenos was exalted by your worship.
You visited 1 branch You collected 1332 gold pieces.

Inventory:

Hand Weapons
 a - the +2 rapier "mhtbhm's Bane" (weapon) {venom, rElec}
   (You found it in the Dungeon)

   It poisons the flesh of those it strikes.
   rElec:     It insulates you from electricity.
Missiles
 d - 9 poisoned darts (quivered)
 e - 3 curare-tipped darts
Armour
 b - a +1 leather armour of fire resistance (worn)
 c - a +0 cloak
 n - a +0 helmet (worn)
 q - a +0 pair of gloves (worn)
 t - a +0 cloak (worn)
Jewellery
 o - a +3 ring of dexterity (left hand)
 p - a +3 ring of strength (right hand)
Wands
 m - a wand of roots (5)
Scrolls
 k - 2 scrolls of blinking
 l - 2 scrolls of amnesia
 r - a scroll of fog
 s - 2 scrolls of enchant armour
Potions
 g - a potion of might
 h - a potion of heal wounds
 i - 4 potions of magic
 j - 2 potions of invisibility


   Skills:
 + Level 8.3 Fighting
 + Level 11.5 Short Blades
 + Level 5.0 Throwing
 + Level 2.4 Armour
 + Level 6.1 Dodging
 + Level 22.1 Stealth
 * Level 12.4 Invocations
 + Level 1.1 Evocations


You had 10 spell levels left.
You didn't know any spells.
Your spell library was empty.

Dungeon Overview and Level Annotations

Branches:
Dungeon (1/1)

Altars:
Cheibriados
Dithmenos
Elyvilon
Fedhas
Gozag
Hepliaklqana
Kikubaaqudgha
Makhleb
Nemelex Xobeh
Okawaru
Qazlal
Ru
Sif Muna
Trog
Uskayaw
Vehumet
Wu Jian
Xom
Yredelemnul
Zin
The Shining One
Jiyva
Lugonu

Shops:
D (=:(


Innate Abilities, Weirdness & Mutations

You are completely covered in rugged brown scales. (AC +3, +7% HP)
Armour fits poorly on your strangely shaped body.
You have a long armoured tail.
You roll when moving toward enemies. (Rampage)
Your long tongue fully drains potion bottles. (2x potion effects)
Your tongue gives you trouble enunciating. (1.5x scroll delay)


Message History

An orc comes into view. It is wielding a +0 hand axe.
You roll towards the orc knight!
An orc knight comes into view. It is wielding a +0 battleaxe.
Found Huigodoy's Weapon Shop.
The orc knight roars a battlecry!
The orcs go into a battle-frenzy!
The orc high priest hits you from afar with a +2 vorpal glaive.
You see here 50 gold pieces.
You closely miss the orc knight.
An orc high priest comes into view. It is wielding a +0 flail.
The orc knight hits you with a +0 battleaxe!
The orc high priest barely misses you.
The orc shouts!
The orc knight shouts!
You hit the orc knight but do no damage.
The orc knight is poisoned.
Your shadow hits the orc knight but does no damage.
You closely miss the orc knight.
Your shadow hits the orc knight but does no damage.
The orc high priest mumbles some strange prayers to Beogh against you.
Beogh smites you! The orc knight barely misses you.
The orc high priest says, "You will make a fine sacrifice."
The orc high priest hits you from afar with a +2 vorpal glaive!
You hit the orc knight.
The orc knight looks as sick as possible!
The orc knight is lightly wounded.
Your shadow closely misses the orc knight.
The soul eater disappears in a puff of smoke!
The orc knight roars a battlecry!
The orc high priest hits you from afar with a +2 vorpal glaive!!
* * * LOW HITPOINT WARNING * * *
You emit a cloud of dark smoke.
* * * LOW HITPOINT WARNING * * *
Blink to where?
Press: ? - help, Dir - move target As you slowly read the scroll of blinking, it crumbles to dust.
Items here: ))) [[ †.
You see here a +0 glaive.
The orc knight unwields a +0 battleaxe.
The orc knight wields a +0 arbalest.
The orc knight shoots a bolt.
The bolt hits you!
You die...

'..[[..)..'______________________
▓▓▓▓▓▓▓▓▓▓▓▓▓▓▓▓▓▓▓▓▓▓▓▓▓▓▓▓▓▓▓▓▓
.................................
▓▓▓▓▓▓▓▓▓▓▓▓▓▓▓▓▓▓▓▓▓▓▓▓▓▓▓▓▓▓▓▓▓
[.........'.........'.........'..
▓▓▓▓▓▓▓▓▓▓▓▓▓▓▓▓▓▓▓▓▓▓▓▓▓▓▓▓▓▓▓▓▓
.................................
▓▓▓▓▓▓▓▓▓▓▓▓▓▓▓▓▓▓▓▓▓▓▓▓▓▓▓▓▓▓▓▓▓
oo4§o§§§o)o'.§))@)))))))'....)...
▓▓▓▓▓▓▓▓▓▓▓▓▓▓▓▓▓▓▓▓▓▓▓▓▓▓▓▓▓▓▓▓▓


You could see an orc knight (very poisoned).

Vanquished Creatures
  An ettin (D)
  A hydra (D)
  A tengu warrior (D)
  2 orc high priests (D)
  A lindwurm (D)
  An orc knight (D)
  An orc sorcerer (D)
  An ugly thing (D)
  An elephant (D)
  A cane toad (D)
  2 rime drakes (D)
  2 komodo dragons (D)
  A polar bear (D)
  4 tyrant leeches (D)
  A troll (D)
  2 shadows (D)
  A wraith (D)
  A vampire (D)
  2 basilisks (D)
  A yak (D)
  A wyvern (D)
  A vampire mosquito (D)
  6 water moccasins (D)
  11 orc warriors (D)
  A centaur (D)
  2 bullfrogs (D)
  An orc priest (D)
  An iguana (D)
  2 orc wizards (D)
  A hell rat (D)
  2 adders (D)
  4 worms (D)
  11 orcs (D)
  2 hobgoblins (D)
  A quokka (D)
  A goblin (D)
  A kobold (D)
  A rat (D)
78 creatures vanquished.

Notes
Turn   | Place    | Note
-------+----------+-------------------------------------------
     0 | D        | mhtbhm the Armataur Brigand began the quest for the Orb.
     0 | D        | Reached XP level 1. HP: 18/18 MP: 1/1
     5 | D        | Reached skill level 5 in Stealth
    14 | D        | Noticed an iguana
    18 | D        | Reached skill level 6 in Stealth
    18 | D        | Reached XP level 2. HP: 25/25 MP: 2/2
    22 | D        | Reached skill level 7 in Stealth
    22 | D        | Reached XP level 3. HP: 31/31 MP: 3/3
    26 | D        | Reached skill level 8 in Stealth
    38 | D        | Found a snail-covered altar of Cheibriados.
    38 | D        | Found a shadowy altar of Dithmenos.
    38 | D        | Found a white marble altar of Elyvilon.
    38 | D        | Found a blossoming altar of Fedhas.
    38 | D        | Found an opulent altar of Gozag.
    39 | D        | Found a hazy altar of Hepliaklqana.
    40 | D        | Found a viscous altar of Jiyva.
    41 | D        | Found an ancient bone altar of Kikubaaqudgha.
    42 | D        | Found a corrupted altar of Lugonu.
    43 | D        | Found a burning altar of Makhleb.
    44 | D        | Found a sparkling altar of Nemelex Xobeh.
    45 | D        | Found an iron altar of Okawaru.
    46 | D        | Found a stormy altar of Qazlal.
    51 | D        | Became a worshipper of Dithmenos the Shadowed
    56 | D        | Found a sacrificial altar of Ru.
    57 | D        | Found a shimmering blue altar of Sif Muna.
    58 | D        | Found a bloodstained altar of Trog.
    59 | D        | Found a hide-covered altar of Uskayaw.
    60 | D        | Found a radiant altar of Vehumet.
    61 | D        | Found an ornate altar of the Wu Jian Council.
    62 | D        | Found a shimmering altar of Xom.
    63 | D        | Found a basalt altar of Yredelemnul.
    64 | D        | Found a glowing silver altar of Zin.
    65 | D        | Found a glowing golden altar of the Shining One.
    84 | D        | Got the +2 rapier "mhtbhm's Bane" {venom, rElec}
   114 | D        | Noticed a shadow
   114 | D        | Noticed a wraith
   114 | D        | Noticed a shadow
   114 | D        | Noticed a vampire
   114 | D        | Noticed a centaur
   114 | D        | Noticed a wyvern
   115 | D        | Killed a wyvern
   116 | D        | Reached skill level 11 in Stealth
   116 | D        | Reached XP level 4. HP: 40/40 MP: 3/6
   116 | D        | Reached XP level 5. HP: 48/48 MP: 3/7
   116 | D        | Killed a centaur
   117 | D        | Reached skill level 12 in Stealth
   117 | D        | Reached XP level 6. HP: 54/54 MP: 3/9
   117 | D        | Killed a vampire
   117 | D        | Reached * piety under Dithmenos
   118 | D        | Reached skill level 5 in Short Blades
   118 | D        | Reached skill level 13 in Stealth
   118 | D        | Reached skill level 5 in Invocations
   118 | D        | Killed a shadow
   119 | D        | Reached skill level 14 in Stealth
   119 | D        | Reached XP level 7. HP: 62/62 MP: 3/11
   158 | D        | Killed a wraith
   159 | D        | Reached skill level 1 in Dodging
   180 | D        | Killed a shadow
   180 | D        | Reached ** piety under Dithmenos
   181 | D        | Reached skill level 15 in Stealth
   400 | D        | Noticed a vampire mosquito
   400 | D        | Noticed a basilisk
   400 | D        | Noticed a purple ugly thing
   400 | D        | Noticed a troll
   400 | D        | Noticed a komodo dragon
   400 | D        | Noticed a tengu warrior
   401 | D        | Killed a tengu warrior
   402 | D        | Reached skill level 5 in Fighting
   402 | D        | Reached skill level 16 in Stealth
   402 | D        | Reached XP level 8. HP: 72/72 MP: 11/13
   402 | D        | Killed a komodo dragon
   403 | D        | Killed a troll
   404 | D        | Reached skill level 17 in Stealth
   404 | D        | Killed a purple ugly thing
   404 | D        | Reached *** piety under Dithmenos
   405 | D        | Reached XP level 9. HP: 80/80 MP: 11/15
   532 | D        | Noticed a cane toad
   534 | D        | Noticed a seven-headed hydra
   534 | D        | Killed a cane toad
   534 | D        | Reached **** piety under Dithmenos
   535 | D        | Reached skill level 18 in Stealth
   535 | D        | Noticed a polar bear
   538 | D        | Reached ***** piety under Dithmenos
   540 | D        | Killed a seven-headed hydra
   541 | D        | Reached skill level 19 in Stealth
   541 | D        | Reached skill level 10 in Invocations
   541 | D        | Reached XP level 10. HP: 89/89 MP: 15/17
   546 | D        | Noticed an elephant
   551 | D        | Reached skill level 20 in Stealth
   564 | D        | Reached ****** piety under Dithmenos
   592 | D        | Killed an elephant
   593 | D        | Reached skill level 5 in Dodging
   917 | D        | Noticed a lindwurm
   949 | D        | Reached skill level 10 in Short Blades
  1189 | D        | Killed a lindwurm
  1190 | D        | Reached skill level 21 in Stealth
  1363 | D        | Noticed an ettin
  1392 | D        | Killed an ettin
  1393 | D        | Reached XP level 11. HP: 17/100 MP: 19/19
  1710 | D        | Noticed an orc knight
  1713 | D        | Noticed an orc high priest
  1716 | D        | Killed an orc knight
  1745 | D        | Killed an orc high priest
  1746 | D        | Reached skill level 1 in Armour
  1855 | D        | Found Tathred's Antique Weapon Boutique.
  1855 | D        | Noticed an orc high priest
  1855 | D        | Noticed an orc sorcerer
  1856 | D        | Noticed an orc knight
  1856 | D        | Killed an orc sorcerer
  1857 | D        | Found Sysoqaugg's Book Shop.
  1858 | D        | Noticed an orc high priest
  1859 | D        | Found Vevvicaj's Jewellery Boutique.
  1869 | D        | Noticed a soul eater
  1875 | D        | Killed an orc high priest
  1876 | D        | Reached skill level 5 in Throwing
  1876 | D        | Reached skill level 22 in Stealth
  1876 | D        | Reached skill level 1 in Evocations
  1891 | D        | Noticed an orc knight
  1891 | D        | Found Huigodoy's Weapon Shop.
  1892 | D        | Noticed an orc high priest
  1901 | D        | Shot with a bolt by an orc knight

Illustrated notes

Levels and vault maps discovered:
D:        linesprint [early_d, line_temple, items_1, d_10, items_2, lair_1,
          lair_end, items_3, orc_1, orc_end, items_4, d_15, swamp_1, shoals_1,
          snake_1, spider_1, d_20, vaults_1, items_5, swamp_end, shoals_end,
          snake_end, spider_end, vaults_end, d_27, items_6, zot_1, zot_end,
          crypt_end, forest_end, elf_end, slime_end, tomb_end, abyss_end,
          pan_hell_end]

Skill      XL: |  1  2  3  4  5  6  7  8  9 10 11 |
---------------+----------------------------------+-----
Stealth        | 6 7 11 12 14 16 17 19 21 22 | 22.1
Short Blades   | 2 4 5 7 8 9 10 11 | 11.5
Fighting       | 2 3 5 6 7 8 |  8.3
Throwing       | 2 3 4 5 |  5.0
Invocations    | 3 4 5 7 8 10 11 12 | 12.4
Dodging        | 2 3 4 5 6 |  6.1
Armour         | 2 |  2.4
Evocations     | 1 |  1.1

Action                   |  1- 3 |  4- 6 |  7- 9 | 10-12 || total
-------------------------+-------+-------+-------+-------++-------
Melee: Dagger            |    24 |       |       |       ||    24
       Tailslap          |     1 |       |    14 |    26 ||    41
       Rapier            |     1 |     3 |    70 |   186 ||   260
       Punch             |       |       |       |     3 ||     3
Throw: Dart              |       |       |       |     9 ||     9
Evoke: Wand              |       |       |       |     5 ||     5
  Use: Potion            |     1 |       |     6 |     8 ||    15
       Scroll            |       |       |       |     3 ||     3
 Stab: Sleeping          |     5 |     3 |    14 |    20 ||    42
       Distracted        |       |       |       |     3 ||     3
Armor: Robe              |     4 |       |    14 |    16 ||    34
       Leather armour    |       |       |       |     3 ||     3
Dodge: Dodged            |     4 |       |    19 |    60 ||    83

Table legend: (Time is in decaauts)
 A = Elapsed time spent in this place.
 B = Non-inter-level travel time spent in this place.
 C = Inter-level travel time spent in this place.
 D = Time resting spent in this place.
 E = Time spent auto-exploring this place.
 F = Levels seen in this place.
 G = Mean time per level.
                   A        B        C        D        E       F      G
               +--------+--------+--------+--------+--------+-----+--------+
         Total |   1880 |   1880 |      0 |    927 |    349 |   1 | 1880.0 |
       Dungeon |   1880 |   1880 |      0 |    927 |    349 |   1 | 1880.0 |
               +--------+--------+--------+--------+--------+-----+--------+

Top non-repeatable levels by time:
       D: 1880 daAuts
